 Dungeon Crawl Stone Soup version 0.31-a0-234-gad7ace16ef (webtiles) character file.

Game seed: 5449177299615873905

3246 Nattfarinn the Reanimator (level 9, -3/57 HPs)
             Began as a Demonspawn Venom Mage on July 10, 2023.
             Shot with an arrow by a centaur (10 damage)
             ... on level 7 of the Dungeon.
             The game lasted 00:20:33 (7285 turns).

Nattfarinn the Reanimator (Demonspawn Venom Mage)   Turns: 7285, Time: 00:20:34

Health: -3/57      AC:  6    Str: 15    XL:     9   Next: 67%
Magic:  0/15       EV: 12    Int: 20    God:
Gold:   39         SH:  0    Dex: 23    Spells: 4/17 levels left

rFire   . . .        d - +1 whip (elec)
rCold   . . .        (no shield)
rNeg    . . .        a - +0 robe
rPois   .            z - +1 hat
rElec   .            u - +0 cloak
rCorr   .            y - +1 pair of gloves {Dex+3}
SInv    .            (boots unavailable)
Will    .....        (no amulet)
Stlth   ++           e - +6 ring of dexterity
HPRegen 0.29/turn    A - +6 ring of strength
MPRegen 0.28/turn

%: no passive effects
@: radiating poison
A: hooves 3, magic regeneration, weakness stinger 1, demonic touch 1
a: no special abilities


You were on level 7 of the Dungeon.
You visited 1 branch of the dungeon, and saw 7 of its levels.
You also visited: Ossuary.

You collected 361 gold pieces.
You spent 322 gold pieces at shops.

Inventory:

Hand Weapons
 c - a +0 short sword
 d - a +1 whip of electrocution (weapon)
 h - a +1 vampiric scythe
 k - a +0 sling
 m - a +2 whip of flaming
Missiles
 l - 4 throwing nets
Armour
 a - a +0 robe (worn)
 n - a +1 pair of boots
 u - a +0 cloak (worn)
 x - the +1 ring mail "Vekakygour" {rN+ Int-2 Dex+2}
   (You found it on level 6 of the Dungeon)

   Int:       It affects your intelligence (-2).
   Dex:       It affects your dexterity (+2).
   rN:        It protects you from negative energy.
 y - a +1 pair of gloves of dexterity (worn)
 z - a +1 hat (worn)
Jewellery
 e - a +6 ring of dexterity (left hand)
 A - a +6 ring of strength (right hand)
Wands
 i - a wand of digging (6)
 p - a wand of quicksilver (2)
 q - a wand of flame (14)
Scrolls
 j - a scroll of fear {unknown}
 o - a scroll of teleportation
 r - 2 scrolls of immolation {unknown}
 w - a scroll of enchant armour
Potions
 b - a potion of magic
 f - a potion of resistance {unknown}
 g - 4 potions of attraction
 s - a potion of degeneration
 t - 3 potions of heal wounds
 v - a potion of cancellation {unknown}
 B - a potion of brilliance


   Skills:
 - Level 1.7 Dodging
 - Level 1.7 Stealth
 - Level 4.6 Spellcasting
 - Level 10.0 Necromancy
 - Level 0.8 Transmutations
 + Level 5.6 Earth Magic
 - Level 7.2 Poison Magic


You had 4 spell levels left.
You knew the following spells:

 Your Spells              Type           Power      Damage    Failure   Level
a - Sting                 Tmut/Pois      80%        1d7       2%          1
b - Mephitic Cloud        Conj/Pois/Air  14%        N/A       14%         3
c - Olgreb's Toxic Radia  Pois           33%        N/A       6%          4
d - Borgnjor's Vile Clut  Necr/Erth      17%        N/A       14%         5

Your spell library contained the following spells:

 Spells                   Type           Power      Damage    Failure   Level
 Animate Dead             Necr           44%        N/A       1%          4
 Poisonous Vapours        Pois/Air       38%        N/A       4%          2
 Death Channel            Necr           22%        N/A       30%         6


Dungeon Overview and Level Annotations

Branches:
Dungeon (7/15)            Ossuary (visited)
 Temple: D:4-7

Altars:
Ashenzari

Shops:
D:4 ([   D:6 !   D:7 [

Annotations:
D:3 3 runed translucent doors, MrAu's ghost, amateur FoFi
D:6 Menkaure


Innate Abilities, Weirdness & Mutations

You have hooves in place of feet.
You regenerate magic rapidly.
You have a small tail.
Your touch may inflict minor irresistible damage on your foes.


Message History

A - a +6 ring of strength You feel stronger.
A - a +6 ring of strength (right hand)
Your movement speed is average.
Your attack delay is about 1.1.
Your damage rating with your +1 whip of electrocution is about 7 (Base 6 x 112% (Str) x 100% (Skill) + 1 (Ench)).
Your base attributes are Str 9, Int 20, Dex 14.
Unknown command.
Found a stone staircase leading down.
B - a potion of brilliance A centaur comes into view.
A centaur is nearby!
Casting: Borgnjor's Vile Clutch (quite dangerous; 14% risk of failure)
Confirm with . or Enter, or press ? or * to list all spells.
You begin to radiate toxic energy.
The centaur is poisoned.
The centaur wields a +0 orcbow.
The centaur shoots an arrow.
The arrow closely misses you.
You hear a shout!
Casting: Olgreb's Toxic Radiance (dangerous; 6% risk of failure)
Confirm with . or Enter, or press ? or * to list all spells.
Your toxic radiance grows in intensity.
The centaur shoots an arrow.
The arrow hits you!
The centaur shoots an arrow.
The arrow hits you!
An orc comes into view. It is wielding a +0 mace.
Unknown command.
Casting: Olgreb's Toxic Radiance (dangerous; 6% risk of failure)
Confirm with . or Enter, or press ? or * to list all spells.
Your toxic radiance grows in intensity.
The orc is poisoned.
The centaur looks even sicker.
The centaur shoots an arrow.
The arrow barely misses you.
Unknown command.
Casting: Olgreb's Toxic Radiance (dangerous; 6% risk of failure)
Confirm with . or Enter, or press ? or * to list all spells.
Your toxic radiance grows in intensity.
You kill the orc!
The centaur looks even sicker.
The centaur shoots an arrow.
The arrow hits you!
The centaur shoots an arrow.
The arrow hits you!
Unknown command.
The centaur shoots an arrow.
The arrow hits you!
* * * LOW HITPOINT WARNING * * *
The centaur shoots an arrow.
The arrow hits you!
You die...

... .$.. . ... .. #.. ..
..). #.### .# .c.###...#
..####....# .
#.......###.#........#..
....#.#...#...............
....$....@....####.....#..
.?.....................#..
#..####........## #...##..
#. #...####...##..†....
####..## #<.. #.##.)
##...>..# #.##..... #
###..####.## #........
#.#..........# ###<.....
#.#..........# #........


You could see a centaur (very poisoned).

Vanquished Creatures
  Pikel (D:4)
  Maggie (D:6)
  Sigmund (D:4)
  A wraith (D:7)
  A spriggan (D:7)
  Edmund (D:6)
  A steam dragon (D:7)
  A water moccasin (D:7)
  2 sky beasts (D:6)
  2 ice beasts
  A black bear (D:6)
  An ogre (D:7)
  A kobold brigand (D:6)
  2 bullfrogs
  Blork the orc (D:4)
  A scorpion (D:5)
  3 wights (D:6)
  2 centaur zombies (Ossuary)
  A hound (D:7)
  2 gnoll boudas
  3 iguanas
  2 orc wizards
  A mummy (Ossuary)
  Robin (D:4)
  18 gnolls
  5 adders
  A white imp (D:6)
  An ufetubus (D:6)
  An adder zombie (Ossuary)
  2 worms
  2 dart slugs
  13 orcs
  4 endoplasms
  4 giant cockroaches
  14 goblins
  7 hobgoblins
  13 kobolds
  3 quokkas
  8 ball pythons
  6 bats
  3 frilled lizards
  3 goblin zombies (Ossuary)
  3 hobgoblin zombies (Ossuary)
  6 jackal zombies (Ossuary)
  2 kobold zombies (Ossuary)
  An orc zombie (Ossuary)
  3 quokka zombies (Ossuary)
  5 rats
  5 rat zombies (Ossuary)
167 creatures vanquished.

Notes
Turn   | Place    | Note
-------+----------+-------------------------------------------
     0 | D:1      | Nattfarinn the Demonspawn Venom Mage began the quest for
                  | the Orb.
     0 | D:1      | Reached XP level 1. HP: 13/13 MP: 3/3
   140 | D:1      | You fall into a shaft and drop 1 floor!
   210 | D:1      | Discovered your monstrous ancestry.
   210 | D:1      | Gained mutation: You have large cloven feet. [demonic
                  | ancestry]
   210 | D:1      | Reached XP level 2. HP: 14/19 MP: 1/5
   952 | D:1      | Found a faded altar of an unknown god.
  1175 | D:2      | Reached XP level 3. HP: 23/24 MP: 1/6
  1284 | D:2      | Learned a level 3 spell: Mephitic Cloud
  1528 | D:2      | Gained mutation: You regenerate magic rapidly. [demonic
                  | ancestry]
  1528 | D:2      | Reached XP level 4. HP: 12/30 MP: 3/8
  1689 | D:2      | Learned a level 4 spell: Olgreb's Toxic Radiance
  1936 | D:3      | Found a runed translucent gate.
  1937 | D:3      | Found a runed translucent gate.
  1939 | D:3      | Found a runed translucent gate.
  1941 | D:3      | Noticed MrAu's ghost (amateur FoFi)
  2626 | D:4      | Noticed Blork the orc
  2636 | D:4      | Killed Blork the orc
  2637 | D:4      | Reached skill level 5 in Poison Magic
  2637 | D:4      | Gained mutation: You have hoof-like feet. [demonic
                  | ancestry]
  2637 | D:4      | Reached XP level 5. HP: 35/35 MP: 4/9
  2707 | D:4      | Noticed Pikel
  2707 | D:4      | Noticed a lemure
  2710 | D:4      | Noticed a lemure
  2711 | D:4      | Noticed a lemure
  2726 | D:4      | Killed Pikel
  2727 | D:4      | Gained mutation: You have a small tail. [demonic ancestry]
  2727 | D:4      | Reached XP level 6. HP: 22/41 MP: 3/12
  2727 | D:4      | Gained mutation: Your touch may inflict minor irresistible
                  | damage on your foes. [demonic ancestry]
  2727 | D:4      | Reached XP level 7. HP: 25/46 MP: 3/13
  2752 | D:4      | Found a sand-covered staircase.
  2757 | Ossuary  | Entered an ossuary
  2892 | Ossuary  | Reached skill level 1 in Necromancy
  3028 | Ossuary  | Reached skill level 2 in Necromancy
  3333 | D:4      | Noticed Robin
  3366 | D:4      | Killed Robin
  3367 | D:4      | Reached skill level 3 in Necromancy
  3493 | D:4      | Noticed Sigmund
  3506 | D:4      | Killed Sigmund
  3507 | D:4      | Reached skill level 4 in Necromancy
  3572 | D:4      | Found Adwegin's Weapon Shoppe.
  3640 | D:4      | Found Osuetafia's Antique Armour Shop.
  3746 | D:4      | Reached skill level 5 in Necromancy
  3746 | D:4      | Reached XP level 8. HP: 44/52 MP: 14/14
  3942 | D:5      | Entered Level 5 of the Dungeon
  3944 | D:5      | Found a broken altar of Ashenzari.
  4291 | D:5      | Reached skill level 6 in Necromancy
  4604 | D:5      | Identified the +1 robe of Huyrario {+Blink rElec Str-5
                  | Slay+5}
  5117 | D:6      | Reached skill level 7 in Necromancy
  5218 | D:6      | Reached skill level 8 in Necromancy
  5537 | D:6      | Found Samicixe's Distillery.
  5541 | D:6      | Bought a potion of heal wounds for 75 gold pieces
  5541 | D:6      | Bought a potion of degeneration for 15 gold pieces
  5717 | D:6      | Noticed Menkaure
  5960 | D:6      | Noticed Maggie
  6029 | D:6      | Reached skill level 9 in Necromancy
  6030 | D:6      | Killed Maggie
  6031 | D:6      | Gained mutation: You have hooves in place of feet. [demonic
                  | ancestry]
  6031 | D:6      | Reached XP level 9. HP: 45/57 MP: 0/15
  6228 | D:6      | Reached skill level 10 in Necromancy
  6369 | D:6      | Noticed Edmund
  6373 | D:6      | Reached skill level 1 in Earth Magic
  6382 | D:6      | Killed Edmund
  6390 | D:6      | Learned a level 5 spell: Borgnjor's Vile Clutch
  6559 | D:6      | Identified the +1 ring mail "Vekakygour" {rN+ Int-2 Dex+2}
  7010 | D:7      | Found Duesial's Antique Armour Shoppe.
  7019 | D:7      | Bought a pair of embroidered gloves for 232 gold pieces
  7064 | D:7      | Reached skill level 5 in Earth Magic
  7285 | D:7      | Shot with an arrow by a centaur

Illustrated notes

Levels and vault maps discovered:
D:1:      elethiomel_arrival_maze, layout_basic,
          dilly_ecumenical_altar_fadedgnrine
D:2:      layout_loops_ring
D:3:      layout_loops_ring, gammafunk_ghost_necromancy
D:4:      layout_basic, serial_shops, shop, shop, enter_ossuary_2, uniq_pikel,
          uniq_blork_the_orc, uniq_robin, uniq_sigmund
D:5:      layout_loops_ring, ashenzari_conservatory_becter,
          nicolae_hexahallways, minmay_fountain_box
D:6:      layout_rooms, serial_shops, shop, grunt_decor_clamped,
          grunt_ministairs_13, kennysheep_generic_room_4, uniq_maggie,
          uniq_menkaure, uniq_edmund
D:7:      layout_rooms, minmay_temple_entry_drinking_statues, serial_shops,
          shop, the_hattery

Skill      XL: |  1  2  3  4  5  6  7  8  9 |
---------------+----------------------------+-----
Poison Magic   | 4 5 7 |  7.2
Spellcasting   | 3 4 |  4.6
Necromancy     | 5 9 10 | 10.0
Earth Magic    | 5 |  5.6
Dodging        | |  1.7
Stealth        | |  1.7
Transmutations | |  0.8

Action                     |  1- 3 |  4- 6 |  7- 9 || total
---------------------------+-------+-------+-------++-------
  Melee: Short sword       |    23 |       |       ||    23
         Unarmed           |     3 |       |       ||     3
         Punch             |     1 |       |     2 ||     3
         Kick              |     1 |       |    17 ||    18
         Halberd           |       |       |    11 ||    11
         Whip              |       |       |    73 ||    73
         Tailslap          |       |       |    11 ||    11
         Touch             |       |       |     8 ||     8
   Fire: Sling             |    21 |    56 |   181 ||   258
   Cast: Sting             |    43 |    23 |    54 ||   120
         Mephitic Cloud    |     1 |     2 |     3 ||     6
         Olgreb's Toxic Ra |       |     1 |    46 ||    47
         Borgnjor's Vile C |       |       |     3 ||     3
    Use: Scroll            |       |       |     7 ||     7
         Potion            |       |       |     5 ||     5
   Stab: Sleeping          |       |       |     1 ||     1
         Confused          |       |       |     1 ||     1
 Armour: Robe              |    11 |     5 |    71 ||    87
         Skin              |       |       |    69 ||    69
  Dodge: Dodged            |    37 |    17 |   126 ||   180

Table legend: (Time is in decaauts)
 A = Elapsed time spent in this place.
 B = Non-inter-level travel time spent in this place.
 C = Inter-level travel time spent in this place.
 D = Time resting spent in this place.
 E = Time spent auto-exploring this place.
 F = Levels seen in this place.
 G = Mean time per level.
                   A        B        C        D        E       F      G
               +--------+--------+--------+--------+--------+-----+--------+
         Total |   7418 |   7071 |    347 |    556 |   5189 |   8 |  927.2 |
       Dungeon |   7000 |   6653 |    347 |    500 |   5125 |   7 | 1000.0 |
       Ossuary |    418 |    418 |      0 |     56 |     64 |   1 |  418.0 |
               +--------+--------+--------+--------+--------+-----+--------+

Top non-repeatable levels by time:
     D:6: 1326 daAuts
     D:5: 1322 daAuts
     D:4: 990 daAuts
     D:1: 950 daAuts
     D:2: 941 daAuts
     D:3: 745 daAuts
     D:7: 722 daAuts
 Ossuary: 418 daAuts
